 Dungeon Crawl Stone Soup version 0.26-a0-376-g13fbb91ece (webtiles) character file.

Game seed: 11710328807774819076

(classic levelgen) 537845 EnegeticOcto the Brawler (level 23, -13/323 HPs)
             Began as a Troll Delver on July 20, 2020.
             Was a Priest of Cheibriados.
             Mangled by a death scarab (16 damage)
             ... on level 2 of the Tomb of the Ancients.
             The game lasted 03:36:10 (16262 turns).

EnegeticOcto the Brawler (Troll Delver)            Turns: 16262, Time: 03:36:11

Health: -13/323    AC: 31    Str: 34    XL:     23   Next: 70%
Magic:  31/36      EV: 18    Int: 21    God:    Cheibriados [***...]
Gold:   524        SH: 18    Dex: 21    Spells: 17/42 levels left

rFire    + . .     SeeInvis +     - Unarmed
rCold    + . .     Faith    .   y - +5 kite shield {rPois}
rNeg     + + +     Spirit   .   (armour currently unavailable)
rPois    ∞         Reflect  .   P - +2 hat {MR+}
rElec    +         Harm     .   m - +2 cloak of Qaxit {*Slow +Inv Regen+ SInv}
rCorr    +                      (gloves unavailable)
MR       ++...                  (boots unavailable)
Stlth    +++.......             R - amulet of magic regeneration
HPRegen  1.43/turn              M - ring of Uriyham {*Slow +Fly rPois rN++}
MPRegen  0.50/turn              s - ring "Waup" {*Drain rC+ rCorr Dex+2, =R}

@: statue-form, marked, very slightly contaminated, slowed, very slow
A: large, unfitting armour, claws 3, fire resistance 1, mutation resistance 1,
regeneration 1, no potion heal 1
}: 5/15 runes: decaying, slimy, silver, golden, gossamer
a: End Transformation, Bend Time, Temporal Distortion, Renounce Religion, Evoke
Invisibility, Evoke Flight


You were on level 2 of the Tomb of the Ancients.
You worshipped Cheibriados.
Cheibriados was most pleased with you.
You were a stone statue.
You visited 11 branches of the dungeon, and saw 50 of its levels.
You also visited: Gauntlet and Volcano.

You collected 5283 gold pieces.
You spent 4759 gold pieces at shops.

Inventory:

Missiles
 c - 25 boomerangs (quivered)
 N - 14 javelins
 V - 4 throwing nets {!f}
Armour
 m - the +2 cloak of Qaxit (worn) {*Slow +Inv Regen+ SInv}
   (You found it on level 4 of the Spider Nest)

   It lets you see invisible.
   It lets you turn invisible.
   It increases your rate of regeneration.
   It may slow you when you take damage.
 y - a +5 kite shield of poison resistance (worn)
 z - a +0 troll leather armour (melded)
 P - a +2 hat of magic resistance (worn)
Magical Staves
 b - an uncursed staff of wizardry
Jewellery
 o - an uncursed ring of wizardry
 s - the ring "Waup" (right claw) {*Drain rC+ rCorr Dex+2, =R}
   (You acquired it on level 3 of the Elven Halls)

   [ring of resist corrosion]

   It affects your dexterity (+2).
   It protects you from cold.
   It provides partial protection from all sources of acid and corrosion.
   It causes draining when unequipped.
 u - an uncursed ring of protection from fire
 L - the ring "Geraif" {rElec rF+ Dex+2 Slay+2}
   (You found it on level 3 of the Tomb of the Ancients)

   [ring of protection from fire]

   It affects your dexterity (+2).
   It affects your accuracy and damage with ranged weapons and melee attacks
   (+2).
   It protects you from fire.
   It insulates you from electricity.
 M - the ring of Uriyham (left claw) {*Slow +Fly rPois rN++}
   (You found it on level 3 of the Crypt)

   [ring of poison resistance]

   It protects you from poison.
   It greatly protects you from negative energy.
   It lets you fly.
   It may slow you when you take damage.
 R - an amulet of magic regeneration (around neck)
 X - the ring of Yralium {+Blink Dex+5 Stlth-}
   (You found it on level 5 of the Vaults)

   [ring of attention]

   It affects your dexterity (+5).
   It lets you blink.
   It makes you less stealthy.
Wands
 f - a wand of digging (1) {@v3}
 i - a wand of enslavement (19)
 v - a wand of acid (18) {@v1}
 E - a wand of paralysis (5)
 U - a wand of clouds (3)
Scrolls
 d - 5 scrolls of fear {!r}
 h - 7 scrolls of enchant armour
 k - 3 scrolls of vulnerability
 l - 7 scrolls of teleportation {@r3 !r}
 r - 2 scrolls of summoning
 C - 2 scrolls of identify {@r1}
 I - 5 scrolls of amnesia
 O - 8 scrolls of magic mapping {@r5 !r}
 Q - 3 scrolls of fog {!r}
 S - 3 scrolls of silence
 W - 4 scrolls of remove curse {@r2}
 Z - a scroll of immolation
Potions
 e - 4 potions of flight
 g - 4 potions of curing {@q1 !q}
 j - 10 potions of might {@q3 !q}
 n - 4 potions of magic
 p - 4 potions of stabbing {@q5 !q}
 q - a potion of invisibility
 w - 3 potions of berserk rage
 A - 5 potions of lignification {@q6}
 B - 3 potions of ambrosia
 G - 3 potions of resistance
 H - a potion of brilliance
 J - 3 potions of cancellation
 Y - 5 potions of mutation
Miscellaneous
 t - 5 boxes of beasts
 x - a phial of floods
 D - a phantom mirror
 F - a tin of tremorstones (3/3)
 K - a figurine of a ziggurat


   Skills:
 + Level 18.7 Fighting
 - Level 4.0 Throwing
 - Level 10.0 Dodging
 - Level 2.7 Stealth
 - Level 9.0 Shields
 + Level 19.1 Unarmed Combat
 - Level 10.0 Spellcasting
 - Level 5.0 Conjurations
 - Level 4.0 Necromancy
 - Level 6.0 Translocations
 - Level 7.0 Transmutations
   Level 3.6 Ice Magic
 - Level 16.0 Earth Magic
 - Level 13.0 Invocations
 - Level 4.0 Evocations


You had 17 spell levels left.
You knew the following spells:

 Your Spells              Type           Power        Failure   Level
a - Statue Form           Tmut/Erth      ######...    9%          6
b - Irradiate             Conj/Tmut      #####.....   16%         5
c - Passage of Golubria   Tloc           N/A          5%          4
d - Lesser Beckoning      Tloc           #####.....   1%          3
p - Passwall              Tmut/Erth      ######..     1%          2
M - Borgnjor's Vile Clut  Necr/Erth      ######....   3%          5

Your spell library contained the following spells:

 Spells                   Type           Power        Failure   Level
 Sandblast                Erth           ######       0%          1
 Animate Skeleton         Necr           ####..       1%          1
 Beastly Appendage        Tmut           #####.       1%          1
 Magic Dart               Conj           ####         1%          1
 Pain                     Necr           ####         1%          1
 Sting                    Tmut/Pois      ####         1%          1
 Searing Ray              Conj           ####..       1%          2
 Sublimation of Blood     Necr           ####......   1%          2
 Wereblood                Tmut           #####...     1%          2
 Gell's Gravitas          Tloc           #####.....   1%          3
 Stone Arrow              Conj/Erth      ######       1%          3
 Teleport Other           Tloc           #####...     1%          3
 Petrify                  Tmut/Erth      ######..     1%          4
 Lee's Rapid Deconstruct  Erth           ######....   1%          5
 Foxfire                  Conj/Fire      ###.         2%          1
 Shock                    Conj/Air       ###.         2%          1
 Leda's Liquefaction      Hex/Erth       #####.....   2%          4
 Vampiric Draining        Necr           ####......   3%          3
 Corpse Rot               Necr/Air       N/A          4%          2
 Spider Form              Tmut/Pois      ####......   4%          3
 Portal Projectile        Hex/Tloc       ###...       5%          3
 Corona                   Hex            ##.....      6%          1
 Conjure Flame            Conj/Fire      ###.....     7%          3
 Dazzling Flash           Conj/Hex       ###...       7%          3
 Static Discharge         Conj/Air       ###.....     7%          3
 Iskenderun's Mystic Bla  Conj/Tloc      ####....     7%          4
 Ice Form                 Ice/Tmut       ####....     8%          4
 Poisonous Vapours        Pois/Air       ##....       10%         2
 Slow                     Hex            ##......     10%         2
 Swiftness                Air            ##......     10%         2
 Mephitic Cloud           Conj/Pois/Air  ###.....     10%         3
 Blade Hands              Tmut           #####.....   10%         5
 Bolt of Magma            Conj/Fire/Erth #####.....   10%         5
 Animate Dead             Necr           ####......   12%         4
 Dispel Undead            Necr           ####....     12%         4
 Iron Shot                Conj/Erth      ######....   13%         6
 Inner Flame              Hex/Fire       ##......     19%         3
 Fulminant Prism          Conj/Hex       ###.......   22%         4
 Iskenderun's Battlesphe  Conj           ####....     22%         5
 Agony                    Necr           ####....     34%         5
 Excruciating Wounds      Necr           ####......   34%         5
 Yara's Violent Unravell  Hex/Tmut       ####......   38%         5
 Summon Forest            Summ/Tloc      ###.......   45%         5
 Hydra Form               Tmut           #####.....   50%         6
 Airstrike                Air            ##........   54%         4
 Cause Fear               Hex            ##........   54%         4
 Lightning Bolt           Conj/Air       ###.......   54%         5
 Dispersal                Tloc           #####.....   63%         6
 Metabolic Englaciation   Hex/Ice        ###.......   65%         5
 Silence                  Hex/Air        ##........   87%         5
 Summon Demon             Summ           ##........   87%         5
 Summon Mana Viper        Hex/Summ       ##......     87%         5
 Death Channel            Necr           ####......   88%         6
 Simulacrum               Ice/Necr       ####......   91%         6
 Ozocubu's Refrigeration  Ice            ####......   92%         6
 Eringya's Noxious Bog    Tmut/Pois      ####......   93%         6
 Freezing Cloud           Conj/Ice/Air   ###.......   97%         6
 Dragon Form              Tmut           #####.....   97%         7
 Conjure Ball Lightning   Conj/Air       ###.......   98%         6
 Lehudib's Crystal Spear  Conj/Erth      ######....   99%         8
 Invisibility             Hex            ##......     100%        6
 Shadow Creatures         Summ           N/A          100%        6
 Malign Gateway           Summ/Tloc      ###.......   100%        7
 Monstrous Menagerie      Summ           ##........   100%        7
 Orb of Destruction       Conj           ####......   100%        7
 Spellforged Servitor     Conj/Summ      ###.......   100%        7
 Summon Greater Demon     Summ           ##........   100%        7
 Summon Hydra             Summ           ##........   100%        7
 Chain Lightning          Conj/Air       ###.......   100%        8
 Controlled Blink         Tloc           N/A          100%        8
 Discord                  Hex            ##........   100%        8
 Disjunction              Tloc           #####.....   100%        8
 Ignition                 Fire           ##........   100%        8
 Summon Horrible Things   Summ           ##........   100%        8
 Absolute Zero            Ice            ####......   100%        9
 Dragon's Call            Summ           ##........   100%        9
 Fire Storm               Conj/Fire      ###.......   100%        9
 Shatter                  Erth           ######....   100%        9
 Tornado                  Air            ##........   100%        9


Dungeon Overview and Level Annotations

Branches:
Dungeon (14/15)            Temple (1/1) D:6            Lair (6/6) D:11
  Swamp (4/4) Lair:2       Spider (4/4) Lair:4        Slime (5/5) Lair:5
    Orc (2/2) D:9             Elf (3/3) Orc:2        Vaults (5/5) D:13
  Crypt (3/3) Vaults:2       Tomb (3/3) Crypt:3     Volcano (visited)
Gauntlet (visited)

Altars:
Ashenzari
Cheibriados
Dithmenos
Fedhas
Gozag
Kikubaaqudgha
Makhleb
Nemelex Xobeh
Qazlal
Sif Muna
Trog
Uskayaw
Vehumet
Wu Jian
Yredelemnul
The Shining One
Beogh
Jiyva

Shops:
D:13 [   D:14 *   Orc:2 [}![   Elf:1 [   Vaults:4 (   Vaults:5 !!!!??

Annotations:
D:4 Menkaure


Innate Abilities, Weirdness & Mutations

You are too large for most types of armour.
You have claws for hands.
Your natural rate of healing is unusually fast.
((You are covered in fur. (AC +1)))
((You have extremely tough skin. (AC +3)))
Your flesh is heat resistant. (rF+)
You are somewhat resistant to further mutation.
Potions are less effective at restoring your health.


Message History

A death scarab comes into view.
You block the death scarab's attack.
A death scarab comes into view. x2
The death scarab misses you. The death scarab closely misses you.
The harpy simulacrum barely misses you.
The harpy simulacrum claws you but does no damage.
The death scarab misses you. The death scarab completely misses you.
The death scarab barely misses you. The death scarab misses you.
The death scarab closely misses you.
The harpy simulacrum closely misses you.
The harpy simulacrum claws you but does no damage.
You block the death scarab's attack.
The death scarab bites you but does no damage. x2
The death scarab closely misses you. The death scarab completely misses you.
The harpy simulacrum claws you but does no damage.
The harpy simulacrum completely misses you.
The death scarab bites you but does no damage.
The death scarab bites you! The death scarab drains your vigour!
You already are as slow as you could be.
The wraith closely misses you. You block the death scarab's attack. x2
The orange demon completely misses you. The death scarab closely misses you.
You block the harpy simulacrum's attack.
The harpy simulacrum completely misses you.
The death scarab bites you! The death scarab drains your vigour!
You already are as slow as you could be.
The wraith completely misses you. The death scarab closely misses you.
The death scarab barely misses you. The death scarab bites you!
The orange demon closely misses you. The death scarab barely misses you.
The harpy simulacrum claws you but does no damage. x2
The death scarab bites you but does no damage.
The death scarab bites you. The death scarab drains your vigour!
You already are as slow as you could be.
The wraith misses you.
The death scarab moves out of view.
The death scarab completely misses you. You block the death scarab's attack.
The death scarab closely misses you. You block the death scarab's attack.
The death scarab bites you!!
* * * LOW HITPOINT WARNING * * *
The death scarab bites you!
* * * LOW HITPOINT WARNING * * *
The death scarab drains your vigour!
You feel as though you will be slow longer.
The death scarab barely misses you. x2; You block the death scarab's attack.
The death scarab bites you but does no damage.
The death scarab misses you. The death scarab bites you!
* * * LOW HITPOINT WARNING * * *
The death scarab drains your vigour!
You already are as slow as you could be.
The death scarab closely misses you. The death scarab bites you!
* * * LOW HITPOINT WARNING * * *
The death scarab drains your vigour!
You already are as slow as you could be.
The death scarab bites you!
* * * LOW HITPOINT WARNING * * *
You block the death scarab's attack. x2; The death scarab closely misses you.
The death scarab bites you!
* * * LOW HITPOINT WARNING * * *
The death scarab drains your vigour!
You already are as slow as you could be.
The death scarab closely misses you. x2; The death scarab bites you.
* * * LOW HITPOINT WARNING * * *
The death scarab drains your vigour!
You already are as slow as you could be.
The death scarab closely misses you. The death scarab completely misses you.
The death scarab misses you. The death scarab bites you!
* * * LOW HITPOINT WARNING * * *
The death scarab drains your vigour!
You already are as slow as you could be.
The death scarab misses you. The death scarab closely misses you. x2
The wraith closely misses you. You block the death scarab's attack.
The death scarab closely misses you. The death scarab misses you.
The wraith completely misses you. The death scarab barely misses you. x2
The death scarab closely misses you. The death scarab barely misses you.
The wraith hits you!
* * * LOW HITPOINT WARNING * * *
You already are as slow as you could be.
The wraith drains your vigour!
You already are as slow as you could be.
The death scarab bites you but does no damage.
The death scarab bites you.
* * * LOW HITPOINT WARNING * * *
You block the death scarab's attack.
An eldritch tentacle comes into view.
Unknown command.
Really quaff
a - a potion of heal wounds {@q2 !q}?
Your system partially rejects the healing.
You feel much better. You block the death scarab's attack.
The death scarab closely misses you. You block the death scarab's attack.
The death scarab bites you!
* * * LOW HITPOINT WARNING * * *
The death scarab drains your vigour!
You feel as though you will be slow longer.
The death scarab bites you.
* * * LOW HITPOINT WARNING * * *
The death scarab bites you but does no damage. x2
You block the death scarab's attack. The death scarab misses you.
The death scarab closely misses you.
The death scarab bites you but does no damage. x2
The death scarab misses you. You block the death scarab's attack.
The death scarab bites you!
You die...

######### # #.^.....#
. . #M.^...^#.^ .
#.§§MMsss.( .
#.Zwsss.#.. .
#§Zss4Z.# .
#§s4s################
#§sss# .........^..
#§sW8# ...........☼
#.§ss# .....M....○#
#.§§V# .......☼.#
#>...# #.M.☼...
###### #..○#
#..○.#### #..8z....M
#..........
.Z..........


You could see an eldritch tentacle, 2 mummy priests, a jiangshi (summoned), 2
orange demons, a wraith (summoned) and 13 death scarabs.

Vanquished Creatures
  the Royal Jelly (Slime:5)
  An ancient lich (Tomb:3)
  8 greater mummies (Tomb:3)
  Margery (Vaults:4)
  Bai Suzhen (Elf:3)
  5 golden dragons (Vaults:5)
  Arachne (Spider:2)
  2 bone dragons (Crypt:3)
  5 liches
  Jorgrun (D:13)
  5 tentacled monstrosities (Vaults:5)
  3 titans (Vaults:5)
  A quicksilver dragon (Vaults:5)
  2 deep elf blademasters (Elf:3)
  16 acid blobs (Slime:5)
  2 deep elf master archers (Elf:3)
  12 ancient champions
  2 shadow dragons (Vaults:5)
  Agnes (D:14)
  6 tengu reavers (Vaults:5)
  A storm dragon (Vaults:5)
  9 sphinxes
  4 thorn hunters
  10 azure jellies
  Donald (Elf:1)
  5 frost giants
  4 revenants
  2 fire giants (Vaults:5)
  9 deep elf sorcerers
  2 ghost moths
  16 vault wardens
  An iron dragon (Vaults:5)
  A curse skull (Crypt:3)
  A deep elf elementalist (Elf:3)
  4 emperor scorpions (Spider:4)
  7 ghouls
  15 ironheart preservers
  3 entropy weavers (Spider:4)
  A reaper (Crypt:3)
  2 war gargoyles (Vaults:5)
  3 very ugly things
  11 stone giants
  A vampire knight (Vaults:2)
  7 deep elf demonologists (Elf:3)
  A dire elephant (Lair:6)
  3 bennus
  6 deep elf annihilators
  A minotaur (Gauntlet)
  Azrael (Spider:3)
  A spark wasp (Spider:4)
  2 eidola
  17 mummy priests
  5 deep elf death magi
  4 jiangshi (Crypt:3)
  6 death oozes
  4 ettins
  4 deep elf high priests
  A fire dragon (Vaults:2)
  10 yaktaur captains
  6 great orbs of eyes
  Fannar (Orc:1)
  30 vault guards
  Erolcha (D:13)
  3 ghost crabs
  17 hydras
  A rakshasa (Vaults:2)
  A catoblepas (Lair:3)
  2 centaur warriors
  3 ice dragons
  12 two-headed ogres
  10 dancing weapons
  3 deep troll shamans
  4 death knights
  A vampire mage (Vaults:2)
  3 death yaks (Lair:6)
  3 deep troll earth magi
  49 death scarabs
  5 ogre magi
  6 alligators
  A shock serpent (shapeshifter) (Vaults:5)
  A tengu warrior (D:13)
  4 hell knights
  5 spriggans
  5 deep elf knights
  2 shadow wraiths (Vaults:5)
  A fire crab (Volcano)
  25 skeletal warriors
  2 glowing orange brains
  13 deep trolls
  2 unseen horrors (D:11)
  3 flayed ghosts (Crypt:3)
  2 lindwurms
  9 ironbrand convokers
  9 swamp dragons
  A lindwurm (shapeshifter) (Vaults:3)
  A wizard (Vaults:2)
  11 wolf spider zombies
  8 phantasmal warriors
  7 orc knights
  9 deep elf archers
  3 spectral wolf spiders (Spider:4)
  4 necromancers
  19 wolf spiders
  An oklob plant (Gauntlet)
  7 orb spiders
  26 deep elf magi
  5 ugly things
  A sphinx skeleton (Crypt:1)
  3 cyclopes
  4 manticores
  9 shining eyes
  10 elephants
  A fire giant zombie (Tomb:3)
  A stone giant skeleton (Crypt:1)
  A faun (shapeshifter) (Vaults:5)
  3 moths of wrath
  5 black mambas
  An eye of devastation (Slime:5)
  A guardian serpent (shapeshifter) (Vaults:5)
  A molten gargoyle (Volcano)
  10 vault sentinels
  24 cane toads
  4 spectral redbacks (Spider:4)
  2 gargoyles
  An efreet (D:13)
  8 redback zombies
  An alligator snapping turtle skeleton (Crypt:3)
  8 komodo dragons
  10 demonic crawlers
  29 yaktaurs
  6 freezing wraiths
  A merfolk (shapeshifter) (Elf:2)
  38 guardian mummies
  5 trolls
  6 meliai
  A tengu conjurer (D:13)
  28 jumping spiders
  3 spectral jumping spiders (Spider:4)
  A troll (shapeshifter) (Vaults:4)
  6 tyrant leeches
  12 hornets
  3 spectral tarantellas (Spider:4)
  A blink frog (shapeshifter) (Vaults:5)
  A polar bear (Lair:6)
  A raiju (shapeshifter) (Vaults:5)
  3 bog bodies
  11 blink frogs
  A fire dragon zombie (Crypt:3)
  43 slime creatures
  13 tarantella zombies
  3 jumping spider zombies (Spider:4)
  9 hippogriffs
  2 dream sheep (Lair:6)
  A snapping turtle (Orc:2)
  A frost giant simulacrum (Crypt:3)
  4 flying skulls (Tomb:3)
  A spriggan (shapeshifter) (Vaults:2)
  A vampire (D:13)
  A fire dragon skeleton (Crypt:3)
  49 redbacks
  A black mamba zombie (Crypt:3)
  19 ushabtiu
  4 wraiths
  38 yaks
  7 fire bats
  28 tarantellas
  2 water elementals
  2 shadows
  5 steam dragons
  5 wyverns
  2 fire elementals (Spider:3)
  2 basilisks
  18 vampire mosquitoes
  8 insubstantial wisps
  3 swamp worms
  A two-headed ogre zombie (Crypt:3)
  2 wargs
  A soldier ant (shapeshifter) (Vaults:3)
  3 acid dragons
  8 water moccasins
  7 hell hounds
  7 soldier ants (Spider:4)
  A spectral hornet (Spider:4)
  3 porcupines
  2 floating eyes (shapeshifter)
  43 orc warriors
  4 ice beasts
  2 black bears (D:9)
  10 swamp drakes
  A sky beast (D:7)
  A hornet zombie (D:12)
  9 necrophages
  2 eyes of draining
  3 phantoms
  13 wolves
  25 ogres
  A swamp dragon skeleton (Crypt:3)
  20 centaurs
  5 crocodiles
  3 big kobolds
  12 bullfrogs
  An earth elemental (Elf:2)
  2 wyvern zombies
  5 killer bees (D:8)
  3 scorpions
  16 wights
  2 howler monkeys
  2 electric eels
  5 lava snakes (Volcano)
  A centaur zombie (D:5)
  A bullfrog zombie (D:12)
  4 hounds
  3 jellies
  20 orc wizards
  15 orc priests
  A bullfrog skeleton (D:10)
  3 centaur skeletons
  2 iguanas
  24 worker ants
  A hound zombie (D:11)
  A hound skeleton (D:7)
  35 mummies
  Robin (D:2)
  16 adders
  A shadow imp (D:4)
  2 white imps (D:10)
  An ufetubus (D:9)
  An adder zombie (D:10)
  A halfling skeleton (Crypt:3)
  A worm (D:6)
  3 leopard geckos
  95 orcs
  3 giant cockroaches
  4 goblins (D:2)
  5 hobgoblins
  3 jackals (D:1)
  4 quokkas
  2 ball pythons
  A ball python zombie (Crypt:3)
  2 frilled lizards (D:4)
  2 jackal skeletons
  14 kobolds
  6 rats
1651 creatures vanquished.

Vanquished Creatures (collateral kills)
  An acid blob (Slime:5)
  A death ooze (Slime:5)
  A shining eye (Slime:5)
3 creatures vanquished.

Vanquished Creatures (others)
  A catoblepas (Lair:6)
  A deep elf knight (Vaults:5)
  A wight (D:10)
  An orc priest (Vaults:3)
  4 orcs
  A briar patch (Swamp:4)
  12 fungi
  A plant (Lair:4)
  2 withered plants (Swamp:3)
24 creatures vanquished.

Grand Total: 1678 creatures vanquished

Notes
Turn   | Place    | Note
-------+----------+-------------------------------------------
     0 | D:5      | EnegeticOcto the Troll Delver began the quest for the Orb.
     0 | D:5      | Reached XP level 1. HP: 22/22 MP: 0/0
    37 | D:4      | Reached XP level 2. HP: 11/29 MP: 1/1
    63 | D:4      | Reached skill level 3 in Unarmed Combat
    79 | D:4      | Reached XP level 3. HP: 31/36 MP: 2/2
    88 | D:4      | Noticed Menkaure
   100 | D:4      | Reached skill level 4 in Unarmed Combat
   117 | D:4      | Noticed an ogre
   150 | D:4      | Noticed an ogre
   159 | D:4      | Killed an ogre
   159 | D:4      | Reached skill level 5 in Unarmed Combat
   159 | D:4      | Reached XP level 4. HP: 10/44 MP: 3/3
   159 | D:4      | Reached XP level 5. HP: 11/50 MP: 4/4
   283 | D:3      | Found a bloodstained altar of Trog.
   290 | D:3      | Found a radiant altar of Vehumet.
   290 | D:3      | Found a shadowy altar of Dithmenos.
   291 | D:3      | Found a basalt altar of Yredelemnul.
   473 | D:2      | Noticed Robin
   481 | D:2      | Killed Robin
   718 | D:4      | Reached skill level 3 in Fighting
   718 | D:4      | Reached skill level 6 in Unarmed Combat
   718 | D:4      | Reached XP level 6. HP: 59/61 MP: 5/5
   839 | D:5      | Reached XP level 7. HP: 35/68 MP: 6/6
   842 | D:5      | Reached skill level 4 in Fighting
   864 | D:6      | Found a staircase to the Ecumenical Temple.
   882 | Temple   | Entered the Ecumenical Temple
   922 | Temple   | Became a worshipper of Cheibriados the Contemplative
   999 | D:6      | Reached skill level 7 in Unarmed Combat
  1065 | D:6      | Reached skill level 7 in Fighting
  1065 | D:6      | Reached skill level 10 in Unarmed Combat
  1065 | D:6      | Reached skill level 5 in Transmutations
  1065 | D:6      | Reached XP level 8. HP: 86/87 MP: 7/7
  1223 | D:7      | Noticed a hippogriff
  1225 | D:7      | Noticed a hippogriff
  1230 | D:7      | Killed a hippogriff
  1235 | D:7      | Killed a hippogriff
  1235 | D:7      | Reached XP level 9. HP: 68/93 MP: 8/8
  1238 | D:7      | Reached skill level 11 in Unarmed Combat
  1298 | D:7      | Found a shimmering blue altar of Sif Muna.
  1368 | D:6      | Reached * piety under Cheibriados
  1425 | D:7      | Found a hide-covered altar of Uskayaw.
  1494 | D:8      | Learned a level 1 spell: Beastly Appendage
  1534 | D:8      | Reached skill level 8 in Fighting
  1676 | D:10     | Entered Level 10 of the Dungeon
  1691 | D:9      | Reached skill level 1 in Invocations
  1764 | D:9      | Noticed a brown ugly thing
  1765 | D:9      | Found a shattered altar of Ashenzari.
  1774 | D:9      | Killed a brown ugly thing
  1812 | D:9      | Reached skill level 2 in Invocations
  1817 | D:9      | Reached ** piety under Cheibriados
  1848 | D:9      | Found a staircase to the Orcish Mines.
  1877 | D:9      | Reached XP level 10. HP: 89/106 MP: 10/10
  1921 | D:8      | Noticed a two-headed ogre
  1922 | D:8      | You fall into a shaft and drop 3 floors!
  1985 | D:10     | Reached skill level 9 in Fighting
  2002 | D:10     | Reached skill level 3 in Invocations
  2037 | D:10     | Reached skill level 12 in Unarmed Combat
  2126 | D:9      | Reached *** piety under Cheibriados
  2204 | D:9      | Found an ancient bone altar of Kikubaaqudgha.
  2206 | D:9      | Found a sparkling altar of Nemelex Xobeh.
  2208 | D:9      | Found a glowing golden altar of the Shining One.
  2304 | Orc:1    | Entered Level 1 of the Orcish Mines
  2487 | Orc:1    | Noticed an orc knight
  2516 | D:9      | Reached skill level 4 in Invocations
  2587 | D:9      | Killed an orc knight
  2587 | D:9      | Reached skill level 1 in Evocations
  2591 | D:9      | HP: 4/110 [orc warrior/+0 mace (19)]
  2676 | D:9      | Reached skill level 10 in Fighting
  2684 | D:9      | Reached XP level 11. HP: 97/117 MP: 13/13
  2693 | D:9      | Reached **** piety under Cheibriados
  2748 | Orc:1    | Noticed Fannar
  2761 | Orc:1    | Killed Fannar
  2782 | Orc:1    | Learned a level 4 spell: Ice Form
  2890 | Orc:1    | Reached skill level 2 in Evocations
  3009 | Orc:2    | Entered Level 2 of the Orcish Mines
  3190 | Orc:2    | Reached skill level 1 in Ice Magic
  3232 | Orc:2    | Noticed a centaur warrior
  3278 | Orc:2    | Reached skill level 5 in Invocations
  3385 | Orc:2    | Reached ***** piety under Cheibriados
  3407 | Orc:2    | Found a roughly hewn altar of Beogh.
  3484 | Orc:2    | Found a staircase to the Elven Halls.
  3544 | Orc:2    | Killed a centaur warrior
  3544 | Orc:2    | Reached skill level 2 in Ice Magic
  3580 | Orc:2    | Noticed an orc knight
  3581 | Orc:2    | an orc knight changed into a snapping turtle
  3748 | Orc:2    | Found Zuxuh's Distillery.
  3748 | Orc:2    | Found Caaptireo's Gadget Boutique.
  3753 | Orc:2    | Reached skill level 11 in Fighting
  3761 | Orc:2    | Found Niger's Armour Shoppe.
  3763 | Orc:2    | Found Ompimmicsy's Armour Shop.
  4049 | D:11     | Killed an unseen horror
  4049 | D:11     | Reached skill level 3 in Ice Magic
  4049 | D:11     | Reached skill level 6 in Invocations
  4262 | Orc:2    | Bought the +18 shield of the Gong {rElec rN+ MR+ EV-5} for
                  | 1070 gold pieces
  4262 | Orc:2    | Found the +18 shield of the Gong {rElec rN+ MR+ EV-5}
  4361 | D:10     | Reached skill level 13 in Unarmed Combat
  4361 | D:10     | Reached XP level 12. HP: 130/130 MP: 8/15
  4373 | D:10     | Noticed Maurice
  4385 | D:10     | Noticed Maurice
  4389 | D:10     | Killed Maurice the steam dragon
  4535 | D:11     | Noticed a five-headed hydra
  4540 | D:11     | Killed a five-headed hydra
  4540 | D:11     | Reached skill level 1 in Shields
  4737 | D:11     | You fall into a shaft and drop 2 floors!
  4739 | D:13     | Noticed Erolcha
  4747 | D:13     | Killed Erolcha
  4770 | D:13     | Noticed Jorgrun
  4780 | D:13     | Killed Jorgrun
  4780 | D:13     | Reached skill level 12 in Fighting
  4780 | D:13     | Reached skill level 2 in Shields
  4780 | D:13     | Reached skill level 7 in Invocations
  4800 | D:13     | Noticed a tengu warrior
  4801 | D:13     | Noticed a centaur warrior
  4802 | D:13     | Reached skill level 3 in Shields
  4804 | D:13     | Killed a centaur warrior
  4806 | D:13     | Noticed a death knight
  4807 | D:13     | Killed a tengu warrior
  4807 | D:13     | Reached skill level 4 in Shields
  4807 | D:13     | Reached skill level 8 in Invocations
  4812 | D:13     | Reached skill level 5 in Shields
  4827 | D:13     | Killed a death knight
  4860 | D:13     | Found a gate to the Vaults.
  4913 | D:13     | Reached skill level 6 in Shields
  4913 | D:13     | Reached XP level 13. HP: 137/140 MP: 18/18
  4928 | D:13     | Found Xehacagim's Armour Emporium.
  5114 | D:14     | Noticed Agnes
  5135 | D:14     | Killed Agnes
  5135 | D:14     | Reached skill level 7 in Shields
  5190 | D:14     | Found Pasyeqy's Assorted Antiques.
  5199 | D:14     | Bought a scroll of magic mapping for 87 gold pieces
  5199 | D:14     | Bought a black potion for 22 gold pieces
  5199 | D:14     | Bought a grey potion for 22 gold pieces
  5212 | D:14     | Reached skill level 8 in Shields
  5487 | D:12     | Reached skill level 9 in Shields
  5497 | D:12     | Reached skill level 1 in Throwing
  5497 | D:12     | Reached skill level 2 in Dodging
  5960 | D:8      | Reached skill level 2 in Throwing
  6168 | D:8      | Found a stormy altar of Qazlal.
  6465 | D:11     | Found a staircase to the Lair.
  6474 | Lair:1   | Entered Level 1 of the Lair of Beasts
  6489 | Lair:1   | Reached skill level 3 in Dodging
  6498 | Lair:1   | Found a gate leading to a gauntlet.
  6535 | Gauntlet | Entered a Gauntlet
  6535 | Gauntlet | Found a transporter.
  6540 | Gauntlet | Found a transporter.
  6550 | Gauntlet | Noticed a death ooze
  6554 | Gauntlet | Found a transporter.
  6562 | Gauntlet | Found a transporter.
  6572 | Gauntlet | Found a transporter.
  6572 | Gauntlet | Found a transporter.
  6573 | Gauntlet | Found a runed translucent door.
  6574 | Gauntlet | Found a transporter.
  6610 | Gauntlet | Reached skill level 3 in Throwing
  6629 | Gauntlet | Found a transporter.
  6650 | Gauntlet | Noticed a minotaur
  6659 | Gauntlet | Killed a minotaur
  6741 | Lair:1   | Found a dark tunnel.
  6752 | Volcano  | Entered a volcano
  6882 | Volcano  | Found a burning altar of Makhleb.
  6927 | Volcano  | Reached skill level 4 in Dodging
  6927 | Volcano  | Reached XP level 14. HP: 141/150 MP: 19/19
  7013 | Lair:1   | Learned a level 2 spell: Passwall
  7018 | Lair:1   | Learned a level 4 spell: Passage of Golubria
  7066 | Lair:2   | Found a staircase to the Swamp.
  7080 | Lair:2   | Reached skill level 4 in Throwing
  7095 | Lair:3   | Reached skill level 13 in Fighting
  7103 | Lair:3   | Reached skill level 1 in Translocations
  7213 | Lair:4   | Reached skill level 2 in Translocations
  7234 | Lair:4   | Reached skill level 5 in Dodging
  7308 | Lair:5   | Reached skill level 3 in Translocations
  7324 | Lair:5   | Reached ****** piety under Cheibriados
  7365 | Lair:6   | Entered Level 6 of the Lair of Beasts
  7373 | Lair:6   | Reached skill level 4 in Translocations
  7502 | Lair:6   | Reached skill level 5 in Translocations
  7644 | Lair:6   | Reached skill level 6 in Translocations
  7702 | Lair:6   | Identified a scroll of acquirement
  7842 | Lair:6   | Reached skill level 1 in Spellcasting
  7937 | Lair:6   | Reached skill level 2 in Spellcasting
  8093 | Lair:4   | Found a hole to the Spider Nest.
  8104 | Spider:1 | Entered Level 1 of the Spider Nest
  8131 | Spider:1 | Reached XP level 15. HP: 158/161 MP: 20/20
  8145 | Spider:1 | Reached skill level 9 in Invocations
  8360 | Spider:1 | Reached skill level 3 in Evocations
  8576 | Spider:2 | Noticed Arachne
  8581 | Spider:2 | HP: 4/161 [Arachne/bolt of poison (29)]
  8587 | Spider:2 | Reached skill level 1 in Earth Magic
  8591 | Spider:2 | Killed Arachne
  8591 | Spider:2 | Reached skill level 6 in Dodging
  8624 | Spider:2 | Reached skill level 2 in Earth Magic
  8938 | Spider:3 | Reached skill level 4 in Evocations
  9007 | Spider:3 | Noticed Azrael
  9015 | Spider:3 | Killed Azrael
  9015 | Spider:3 | Reached skill level 3 in Earth Magic
  9036 | Spider:3 | Reached skill level 10 in Invocations
  9220 | Spider:4 | Entered Level 4 of the Spider Nest
  9250 | Spider:3 | Killed a ghost moth
  9334 | Spider:4 | Reached skill level 4 in Earth Magic
  9335 | Spider:4 | Reached skill level 7 in Dodging
  9336 | Spider:4 | Reached skill level 14 in Unarmed Combat
  9336 | Spider:4 | Reached XP level 16. HP: 130/170 MP: 12/22
  9394 | Spider:4 | Learned a level 6 spell: Statue Form
  9440 | Spider:4 | Reached skill level 5 in Earth Magic
  9532 | Spider:4 | Reached skill level 6 in Earth Magic
  9573 | Spider:4 | Reached skill level 7 in Earth Magic
  9681 | Spider:4 | Reached skill level 8 in Earth Magic
  9765 | Spider:4 | Reached skill level 9 in Earth Magic
  9778 | Spider:4 | Got a scorched cloak
  9779 | Spider:4 | Identified the +2 cloak of Qaxit {*Slow +Inv Regen+ SInv}
                  | (You found it on level 4 of the Spider Nest)
  9803 | Spider:4 | Got a gossamer rune of Zot
 10026 | Lair:3   | Reached skill level 10 in Earth Magic
 10097 | Swamp:1  | Entered Level 1 of the Swamp
 10212 | Swamp:1  | Reached skill level 11 in Earth Magic
 10226 | Swamp:2  | Gained mutation: You occasionally shout uncontrollably at
                  | your foes. [mutagenic glow]
 10244 | Swamp:2  | Gained mutation: You tend to lose your temper in combat.
                  | [mutagenic glow]
 10252 | Swamp:2  | Lost mutation: You tend to lose your temper in combat.
                  | [potion of mutation]
 10252 | Swamp:2  | Lost mutation: You occasionally shout uncontrollably at
                  | your foes. [potion of mutation]
 10252 | Swamp:2  | Gained mutation: Your flesh is heat resistant. (rF+)
                  | [potion of mutation]
 10252 | Swamp:2  | Gained mutation: Your muscles are strong. (Str +2) [potion
                  | of mutation]
 10285 | Swamp:2  | Noticed a thorn hunter
 10294 | Swamp:2  | Killed a thorn hunter
 10357 | Swamp:3  | Reached XP level 17. HP: 178/178 MP: 16/23
 10386 | Swamp:4  | Entered Level 4 of the Swamp
 10413 | Swamp:4  | Reached skill level 6 in Transmutations
 10493 | Swamp:4  | Reached skill level 12 in Earth Magic
 10526 | Swamp:4  | Reached skill level 3 in Spellcasting
 10541 | Swamp:4  | Got a decaying rune of Zot
 10811 | Elf:1    | Entered Level 1 of the Elven Halls
 10811 | Elf:1    | Noticed Donald
 10822 | Elf:1    | Killed Donald
 10822 | Elf:1    | Reached skill level 7 in Transmutations
 10865 | Elf:1    | Reached skill level 4 in Spellcasting
 11145 | Elf:3    | Entered Level 3 of the Elven Halls
 11299 | Elf:3    | Learned a level 5 spell: Borgnjor's Vile Clutch
 11300 | Elf:3    | Noticed Bai Suzhen
 11310 | Elf:3    | Killed Bai Suzhen
 11310 | Elf:3    | Reached skill level 8 in Dodging
 11322 | Elf:3    | Reached skill level 1 in Necromancy
 11325 | Elf:3    | Noticed a deep elf blademaster
 11328 | Elf:3    | Killed a deep elf blademaster
 11336 | Elf:3    | Noticed a deep elf blademaster
 11337 | Elf:3    | Noticed a deep elf master archer
 11341 | Elf:3    | Reached skill level 5 in Spellcasting
 11341 | Elf:3    | Reached skill level 2 in Necromancy
 11341 | Elf:3    | Reached XP level 18. HP: 187/187 MP: 20/24
 11368 | Elf:3    | Reached skill level 3 in Necromancy
 11379 | Elf:3    | Reached skill level 15 in Unarmed Combat
 11449 | Elf:3    | Acquired 400 gold pieces
 11453 | Elf:3    | Acquired a +0 hat of magic resistance
 11460 | Elf:3    | Acquired the ring "Waup" {*Drain rC+ rCorr Dex+2}
 11468 | Elf:3    | Got a steaming lapis lazuli ring
 11478 | Elf:3    | Identified the ring "Lenn" {*Drain +Fly rElec rC+ AC+4}
                  | (You found it on level 3 of the Elven Halls)
 11623 | Elf:1    | Found Fojauq's Antique Armour Shop.
 11675 | Orc:2    | Bought a potion of heal wounds for 80 gold pieces
 11675 | Orc:2    | Bought a potion of curing for 48 gold pieces
 11675 | Orc:2    | Bought a potion of might for 64 gold pieces
 11675 | Orc:2    | Bought a potion of magic for 128 gold pieces
 11675 | Orc:2    | Bought a potion of might for 64 gold pieces
 11675 | Orc:2    | Bought a potion of curing for 48 gold pieces
 11675 | Orc:2    | Bought a potion of lignification for 48 gold pieces
 11675 | Orc:2    | Bought a potion of mutation for 128 gold pieces
 11675 | Orc:2    | Bought a potion of curing for 48 gold pieces
 11675 | Orc:2    | Bought a potion of stabbing for 64 gold pieces
 11676 | Orc:2    | Bought a wand of acid (9) for 338 gold pieces
 11676 | Orc:2    | Bought a wand of acid (10) for 364 gold pieces
 11676 | Orc:2    | Bought a phantom mirror for 390 gold pieces
 11676 | Orc:2    | Bought a box of beasts for 260 gold pieces
 11785 | D:10     | Learned a level 5 spell: Irradiate
 11888 | Lair:5   | Found a viscous altar of Jiyva.
 11888 | Lair:5   | Found a staircase to the Slime Pits.
 11917 | Slime:1  | Entered Level 1 of the Pits of Slime
 11928 | Slime:1  | Reached skill level 9 in Dodging
 11935 | Slime:2  | Gained mutation: Potions are less effective at restoring
                  | your health. [a shining eye]
 11947 | Slime:2  | Reached skill level 4 in Necromancy
 11984 | Slime:3  | Gained mutation: Scrolls take you a little longer to read.
                  | [a shining eye]
 11986 | Slime:3  | Gained mutation: You occasionally shout uncontrollably at
                  | your foes. [a shining eye]
 11986 | Slime:3  | Gained mutation: Your spells are a little easier to cast,
                  | but a little less powerful. [a shining eye]
 11991 | Slime:3  | Gained mutation: You are frail. (-10% HP) [a shining eye]
 12018 | Slime:4  | Gained mutation: Armour fits poorly on your strangely
                  | shaped body. [a shining eye]
 12018 | Slime:4  | Lost mutation: Your muscles are strong. (Str +2) [a shining
                  | eye]
 12019 | Slime:4  | Lost mutation: You occasionally shout uncontrollably at
                  | your foes. [a shining eye]
 12020 | Slime:4  | Gained mutation: You are somewhat resistant to further
                  | mutation. [a shining eye]
 12033 | Slime:5  | Entered Level 5 of the Pits of Slime
 12063 | Slime:4  | Reached skill level 6 in Spellcasting
 12110 | Slime:5  | Reached skill level 14 in Fighting
 12120 | Slime:5  | Found a viscous altar of Jiyva.
 12167 | Slime:5  | Noticed the Royal Jelly
 12179 | Slime:5  | Killed the Royal Jelly
 12179 | Slime:5  | Reached XP level 19. HP: 138/178 MP: 21/27
 12195 | Slime:5  | Reached skill level 10 in Dodging
 12214 | Slime:5  | Identified the Handbook of the Traveller and Dark Magic
 12217 | Slime:5  | Identified Faemp's Volume of Shifting Air
 12235 | Slime:5  | Got a slimy rune of Zot
 12481 | D:13     | Lost mutation: You are frail. (-10% HP) [potion of
                  | mutation]
 12481 | D:13     | Lost mutation: Scrolls take you a little longer to read.
                  | [potion of mutation]
 12481 | D:13     | Lost mutation: Your spells are a little easier to cast, but
                  | a little less powerful. [potion of mutation]
 12481 | D:13     | Lost mutation: Armour fits poorly on your strangely shaped
                  | body. [potion of mutation]
 12485 | Vaults:1 | Entered Level 1 of the Vaults
 12499 | Vaults:1 | Learned a level 3 spell: Lesser Beckoning
 12665 | Vaults:2 | Reached skill level 16 in Unarmed Combat
 12729 | Vaults:1 | Reached skill level 15 in Fighting
 12955 | Vaults:2 | Found a staircase to the Crypt.
 13139 | Vaults:2 | Reached skill level 13 in Earth Magic
 13295 | Vaults:2 | You fall into a shaft and drop 2 floors!
 13301 | Vaults:4 | You fall into a shaft and drop 1 floor!
 13301 | Vaults:5 | Entered Level 5 of the Vaults
 13311 | Vaults:5 | Noticed a golden dragon
 13323 | Vaults:5 | Killed a golden dragon
 13327 | Vaults:5 | Reached skill level 17 in Unarmed Combat
 13396 | Vaults:5 | Reached XP level 20. HP: 170/210 MP: 22/28
 13422 | Vaults:5 | Found the +0 pair of fencer's gloves {Riposte Dex+3}
 13445 | Vaults:5 | Identified the Guide on Vitriolic Necromancy
 13448 | Vaults:5 | Got a silver rune of Zot
 13451 | Vaults:5 | Identified the Handbook of Earth and Poisoning
 13458 | Vaults:5 | Identified the ring of Yralium {+Blink Dex+5 Stlth-} (You
                  | found it on level 5 of the Vaults)
 13477 | Vaults:5 | Identified the ring "Wiuruajy" {Ice Str+4 Dex+3 Slay-4}
                  | (You found it on level 5 of the Vaults)
 13534 | Vaults:5 | Reached skill level 14 in Earth Magic
 13566 | Vaults:5 | Noticed a golden dragon
 13573 | Vaults:5 | Killed a golden dragon
 13575 | Vaults:5 | Reached skill level 11 in Invocations
 13605 | Vaults:5 | Noticed a golden dragon
 13614 | Vaults:5 | Killed a golden dragon
 13614 | Vaults:5 | Reached skill level 18 in Unarmed Combat
 13617 | Vaults:5 | Reached skill level 16 in Fighting
 13617 | Vaults:5 | Reached skill level 12 in Invocations
 13622 | Vaults:5 | Noticed a golden dragon
 13628 | Vaults:5 | Noticed a golden dragon
 13639 | Vaults:5 | Killed a golden dragon
 13641 | Vaults:5 | Killed a golden dragon
 13651 | Vaults:5 | Identified the cursed +3 battleaxe of Jompoir {holy, Dex+2}
 13670 | Vaults:5 | Reached XP level 21. HP: 147/223 MP: 6/29
 13697 | Vaults:5 | Reached skill level 13 in Invocations
 13721 | Vaults:5 | Identified the Reference Book on Unholy Air
 13851 | Vaults:5 | Found Viluu's Magic Scroll Shop.
 13872 | Vaults:5 | Bought a scroll of fog for 34 gold pieces
 13872 | Vaults:5 | Bought a scroll of teleportation for 51 gold pieces
 13872 | Vaults:5 | Bought a scroll of teleportation for 51 gold pieces
 13872 | Vaults:5 | Bought a scroll of fog for 34 gold pieces
 13872 | Vaults:5 | Bought 3 scrolls of magic mapping for 178 gold pieces
 13872 | Vaults:5 | Bought a scroll of fog for 34 gold pieces
 13872 | Vaults:5 | Bought a scroll of blinking for 127 gold pieces
 13872 | Vaults:5 | Bought a scroll of teleportation for 51 gold pieces
 13872 | Vaults:5 | Bought a scroll of enchant armour for 127 gold pieces
 13880 | Vaults:5 | Found Lylas's Distillery.
 13884 | Vaults:5 | Bought a potion of lignification for 45 gold pieces
 13884 | Vaults:5 | Bought a potion of resistance for 150 gold pieces
 13919 | Vaults:5 | Found Elajiu's Distillery.
 13924 | Vaults:5 | Bought a potion of cancellation for 184 gold pieces
 13924 | Vaults:5 | Bought a potion of heal wounds for 115 gold pieces
 13931 | Vaults:5 | Found Beenook's Distillery.
 13931 | Vaults:5 | Found Ugee's Distillery.
 13935 | Vaults:5 | Bought a potion of heal wounds for 105 gold pieces
 13935 | Vaults:5 | Bought a potion of heal wounds for 105 gold pieces
 13949 | Vaults:5 | Found Enaly's Magic Scroll Shoppe.
 14052 | Vaults:5 | Bought a potion of heal wounds for 95 gold pieces
 14170 | Vaults:4 | Reached skill level 17 in Fighting
 14179 | Vaults:4 | Noticed Margery
 14191 | Vaults:4 | Killed Margery
 14248 | Vaults:4 | Paralysed by a sphinx for 2 turns
 14252 | Vaults:4 | Reached skill level 7 in Spellcasting
 14536 | Vaults:4 | Found Ginoixon's Antique Weapon Emporium.
 14693 | Vaults:3 | Reached skill level 15 in Earth Magic
 14916 | Crypt:1  | Entered Level 1 of the Crypt
 14953 | Crypt:1  | Reached XP level 22. HP: 161/236 MP: 25/32
 15013 | Crypt:3  | Entered Level 3 of the Crypt
 15028 | Crypt:3  | Reached skill level 8 in Spellcasting
 15198 | Crypt:3  | Found a basalt altar of Yredelemnul.
 15199 | Crypt:3  | Found an ancient bone altar of Kikubaaqudgha.
 15230 | Crypt:3  | Found the +7 great mace "Undeadhunter" {disrupt, rN+}
 15307 | Crypt:3  | Got a smoking wooden ring
 15308 | Crypt:3  | Identified the ring of Uriyham {*Slow +Fly rPois rN++} (You
                  | found it on level 3 of the Crypt)
 15375 | Crypt:3  | Identified the cursed +1 chain mail of Truth {rCorr}
 15404 | Crypt:3  | Found a staircase to the Tomb.
 15409 | Tomb:1   | Entered Level 1 of the Tomb of the Ancients
 15450 | Tomb:1   | Paralysed by a sphinx for 7 turns
 15462 | Tomb:1   | Reached skill level 18 in Fighting
 15464 | Tomb:1   | Reached skill level 16 in Earth Magic
 15507 | Tomb:1   | Reached skill level 9 in Spellcasting
 15631 | Tomb:2   | Noticed a greater mummy
 15633 | Tomb:2   | Noticed a greater mummy
 15636 | Tomb:2   | Noticed a greater mummy
 15639 | Tomb:2   | Noticed a greater mummy
 15660 | Tomb:2   | Reached skill level 1 in Conjurations
 15712 | Tomb:3   | Entered Level 3 of the Tomb of the Ancients
 15739 | Tomb:3   | Reached skill level 2 in Conjurations
 15748 | Tomb:3   | Reached XP level 23. HP: 247/247 MP: 35/35
 15772 | Tomb:3   | Noticed a greater mummy
 15782 | Tomb:3   | Found the +8 Wrath of Trog {antimagic, *Rage}
 15782 | Tomb:3   | Found the +4 robe of Augmentation {Str+4 Int+4 Dex+4}
 15791 | Tomb:3   | Killed a greater mummy
 15795 | Tomb:3   | Reached skill level 3 in Conjurations
 15883 | Tomb:3   | Noticed a greater mummy
 15884 | Tomb:3   | Noticed a greater mummy
 15886 | Tomb:3   | Noticed a greater mummy
 15953 | Tomb:3   | Noticed a greater mummy
 15955 | Tomb:3   | Noticed a greater mummy
 15957 | Tomb:3   | Killed a greater mummy
 15964 | Tomb:3   | Killed a greater mummy
 15967 | Tomb:3   | Killed a greater mummy
 15970 | Tomb:3   | Noticed a greater mummy
 15982 | Tomb:3   | Killed a greater mummy
 15982 | Tomb:3   | Reached skill level 4 in Conjurations
 15983 | Tomb:3   | Noticed a greater mummy
 15989 | Tomb:3   | Noticed an ancient lich
 16004 | Tomb:3   | Killed an ancient lich
 16028 | Tomb:3   | Killed a greater mummy
 16034 | Tomb:3   | Reached skill level 10 in Spellcasting
 16045 | Tomb:3   | Killed a greater mummy
 16063 | Tomb:3   | Reached skill level 19 in Unarmed Combat
 16076 | Tomb:3   | Killed a greater mummy
 16076 | Tomb:3   | Reached skill level 5 in Conjurations
 16169 | Tomb:3   | Got a golden rune of Zot
 16206 | Tomb:3   | Identified the Collected Works on Dislocation
 16209 | Tomb:3   | Identified the ring "Geraif" {rElec rF+ Dex+2 Slay+2} (You
                  | found it on level 3 of the Tomb of the Ancients)
 16214 | Tomb:3   | Identified the amulet of Wishful Thinking {Spirit rN+ MR++
                  | Str+3 Dex+4} (You found it on level 3 of the Tomb of the
                  | Ancients)
 16261 | Tomb:2   | HP: 10/323 [death scarab (7)]
 16261 | Tomb:2   | HP: 2/323 [wraith[a mummy priest] (8)]
 16262 | Tomb:2   | Mangled by a death scarab

Illustrated notes

Levels and vault maps discovered:
D:1:      evilmike_arrival_rings, layout_rooms
D:2:      layout_loops_ring, uniq_robin
D:3:      layout_rooms, chequers_temple_overflow_statue_of_worship, uniq_jessica
D:4:      layout_rooms, st_stairs_10, uniq_menkaure
D:5:      layout_gridville, uniq_grinder
D:6:      layout_basic, grunt_temple_overflow_order_and_chaos_1, temple_pool_b,
          uniq_crazy_yiuf_cottage
D:7:      layout_basic, kennysheep_mini, old_standard_altar, minmay_manual_moon
D:8:      layout_rooms, lemuel_doored_altar
D:9:      layout_basic, grunt_temple_overflow_diamond,
          ashenzari_conservatory_becter, orc_0_dummy
D:10:     layout_cross, serial_undead, serial_undead_d, serial_undead_c,
          serial_undead_f, serial_undead_b, serial_undead_f, serial_undead_f,
          uniq_maurice
D:11:     layout_long_grid, lair_entry_dummy, special_room [special_room_kobold]
D:12:     layout_basic
D:13:     layout_roguey, erik_vaults_1, serial_shops, shop, shop,
          eino_curves_03, hangedman_abyss_or_decor_slice, uniq_erolcha,
          uniq_jorgrun
D:14:     layout_basic, corexii_leaking_fountain, serial_shops, shop, uniq_agnes
Temple:   grunt_temple_mini_profane
Lair:1:   layout_hall_layers, gauntlet_entry_generic,
          nicolae_volcano_entry_batcave, infiniplex_staircase_pool
Lair:2:   layout_long_grid, swamp_mist, uniq_urug
Lair:3:   layout_hall_layers, pond, lemuel_fruit_tree
Lair:4:   layout_roguey, nicolae_spider_entry_tight_spaces
Lair:5:   layout_gridlike, slime_altar_1, beast_lair_carwin_7
Lair:6:   hangedman_lair_in_review, layout_long_grid
Swamp:1:  layout_falls_marsh, evilmike_swamp_ruin_house_5, swamp_pool2,
          hangedman_swamp_pad
Swamp:2:  layout_basic_swamp, evilmike_swamp_ruin_house_3, swamp_pool5
Swamp:3:  layout_falls_marsh, ebering_ghost_funeral_grove,
          nicolae_swamp_round_clearing, swamp_pool1
Swamp:4:  swamp, layout_basic_swamp
Spider:1: lemuel_spider_zombies
Spider:2: layout_spider_delve, uniq_arachne
Spider:3: layout_spider_delve, uniq_azrael
Spider:4: floodkiller_spider_rune_tomb, drop_trap, minmay_another_anthill
Slime:1:  layout_caves
Slime:2:  layout_caves
Slime:3:  layout_caves
Slime:4:  layout_caves, cheibrodos_slime_lost_civilization_4
Slime:5
Orc:1:    layout_caves, uniq_fannar
Orc:2:    st_orc_rangers, layout_diamond_mine, minmay_orc_temple_b
Elf:1:    minmay_elf_arrival_circle, layout_geoelf_diagonals, serial_shops,
          shop, shop, shop, nicolae_shop_window_shopping,
          nicolae_shop_waterfront, hangedman_corner_corridor,
          chequers_big_river, guppyfry_library_mini, uniq_donald
Elf:2:    layout_onion_city
Elf:3:    grunt_elf_hall_asides, layout_geoelf_castle, serial_shops,
          nicolae_shop_trees, shop, shop, shop, nicolae_shop_behind_doors,
          nemelex_altar_shiori, uniq_bai_suzhen
Vaults:1: ontoclasm_vaults_pinch, ontoclasm_vaults_shuriken,
          hangedman_vaults_trim, ontoclasm_vaults_fault,
          nicolae_vaults_ninety_degrees, v_misc_14, nicolae_vaults_angled_halls,
          vaults_room_fours, st_lines, nicolae_vaults_mini_display_case,
          v_misc_29, grunt_vaults_hallway_short, v_alt_pattern_3, v_rooms_3,
          hangedman_vaults_stretched_pinwheel, vaults_room_grid,
          nicolae_vaults_asterisk, vaults_dpeg_hooks, layout_vaults_ring
Vaults:2: nicolae_vaults_rhombus_6, nicolae_vaults_gold_heap,
          ontoclasm_vaults_chip, nicolae_vaults_bisected_inception,
          minmay_crypt_entry_simple_plaza, vaults_mumra_hexcomb, serial_ice_h,
          nicolae_vaults_little_squares_2, v_misc_16,
          vaults_room_grunt_arrival_ludios, nicolae_vaults_shelves_hall,
          layout_vaults_chaotic_city
Vaults:3: hangedman_vaults_cutoff, nicolae_vaults_rhombus_7,
          ontoclasm_vaults_shout, v_misc_12, vaults_mumra_lcd,
          hangedman_vaults_unwind, vaults_room_grid, v_misc_9,
          hangedman_vaults_restitches, v_misc_4, layout_vaults_maze_bifur
Vaults:4: nicolae_vaults_asterisk, ontoclasm_vaults_decontamination, v_misc_28,
          nicolae_vaults_border_crossing, v_misc_27, nicolae_vaults_little_ls,
          v_misc_23, layout_vaults_omnigrid, serial_shops, shop, uniq_margery
Vaults:5: serial_shops
Crypt:1:  layout_chaotic_city, small_statue_intersection, item_on_display_a
Crypt:2:  layout_catacombs, st_stairs_6, minivault_25
Crypt:3:  lightli_unholy_cathedral, layout_chaotic_city,
          tomb_entry_sphere_bobbens, minivault_27, grunt_megastairs_2
Tomb:1
Tomb:2
Tomb:3

Skill      XL: |  1  2  3  4  5  6  7  8  9 10 11 12 13 14 15 16 17 18 19 20 21 22 23 |
---------------+----------------------------------------------------------------------+-----
Unarmed Combat | 3 5 6 10 11 12 13 14 15 17 18 19 | 19.1
Fighting       | 3 7 8 10 11 12 13 14 15 16 17 18 | 18.7
Transmutations | 5 7 |  7.0
Invocations    | 2 4 6 8 10 12 13 | 13.0
Evocations     | 1 2 4 |  4.0
Ice Magic      | 3 |  3.6
Shields        | 6 9 |  9.0
Throwing       | 3 4 |  4.0
Dodging        | 4 5 7 8 9 10 | 10.0
Translocations | 6 |  6.0
Spellcasting   | 2 5 6 7 9 10 | 10.0
Earth Magic    | 4 11 12 13 14 15 16 | 16.0
Necromancy     | 2 4 |  4.0
Conjurations   | 2 5 |  5.0
Stealth        | |  2.7

Action                   |  1- 3 |  4- 6 |  7- 9 | 10-12 | 13-15 | 16-18 | 19-21 | 22-24 || total
-------------------------+-------+-------+-------+-------+-------+-------+-------+-------++-------
Melee: Unarmed           |    33 |   105 |   157 |   452 |   830 |   628 |   617 |   333 ||  3155
       Punch             |       |     2 |     7 |    33 |       |       |       |       ||    42
Throw: Boomerang         |     7 |     1 |     7 |    60 |   121 |   204 |    13 |    25 ||   438
       Dart              |       |       |       |    12 |     2 |       |       |       ||    14
       Javelin           |       |       |       |       |     3 |     2 |     1 |       ||     6
 Cast: Beastly Appendage |       |       |     1 |       |       |       |       |       ||     1
       Passage of Golubr |       |       |       |       |    54 |   136 |   186 |    43 ||   419
       Passwall          |       |       |       |       |    12 |    37 |     4 |     3 ||    56
       Statue Form       |       |       |       |       |       |    35 |    42 |    26 ||   103
       Borgnjor's Vile C |       |       |       |       |       |    20 |    33 |    25 ||    78
       Lesser Beckoning  |       |       |       |       |       |       |    14 |    12 ||    26
       Irradiate         |       |       |       |       |       |       |     2 |     8 ||    10
Invok: Temporal Distorti |       |       |       |     7 |       |       |       |       ||     7
       Bend Time         |       |       |       |     1 |     2 |       |       |       ||     3
       Slouch            |       |       |       |     7 |    27 |    14 |     9 |    15 ||    72
       Step From Time    |       |       |       |       |       |       |       |     4 ||     4
 Abil: Evoke Blink       |       |       |       |       |       |       |       |     3 ||     3
Evoke: Wand              |       |       |     6 |    27 |     4 |    13 |    11 |     9 ||    70
       Tin of tremorston |       |       |       |     4 |     7 |     9 |    10 |     4 ||    34
       Phial of floods   |       |       |       |       |     1 |       |       |     1 ||     2
       Phantom mirror    |       |       |       |       |     1 |       |       |       ||     1
       Box of beasts     |       |       |       |       |       |     2 |     1 |     1 ||     4
  Use: Scroll            |     1 |       |     9 |     9 |    11 |     9 |     5 |    32 ||    76
       Potion            |       |       |     1 |     3 |    11 |     3 |     3 |    22 ||    43
 Stab: Sleeping          |       |     1 |     1 |       |     3 |     1 |     5 |       ||    11
       Distracted        |       |       |       |       |     3 |     1 |       |     1 ||     5
       Invisible         |       |       |       |       |       |     5 |       |       ||     5
       Paralysed         |       |       |       |       |       |     2 |       |       ||     2
       Confused          |       |       |       |       |       |     1 |       |       ||     1
Armor: Robe              |     7 |    32 |    53 |    70 |    12 |       |       |       ||   174
       Troll leather arm |       |       |       |    66 |    74 |    28 |    10 |     1 ||   179
       Skin              |       |       |       |       |    20 |   237 |   272 |   292 ||   821
Dodge: Dodged            |     8 |    52 |    68 |   201 |   128 |   306 |   480 |   484 ||  1727
Block: Other             |       |    24 |    37 |   105 |       |       |       |       ||   166
       Reflection        |       |       |     2 |    33 |    36 |       |       |       ||    71
       Kite shield       |       |       |       |   106 |  1152 |   991 |   582 |   583 ||  3414

Table legend: (Time is in decaauts)
 A = Elapsed time spent in this place.
 B = Non-inter-level travel time spent in this place.
 C = Inter-level travel time spent in this place.
 D = Time resting spent in this place.
 E = Time spent auto-exploring this place.
 F = Levels seen in this place.
 G = Mean time per level.
                   A        B        C        D        E       F      G
               +--------+--------+--------+--------+--------+-----+--------+
         Total |  25062 |  24027 |   1035 |      3 |      0 |  52 |  482.0 |
       Dungeon |   7376 |   6673 |    703 |      0 |      0 |  14 |  526.9 |
        Temple |     70 |     70 |      0 |      0 |      0 |   1 |   70.0 |
          Lair |   2339 |   2339 |      0 |      0 |      0 |   6 |  389.8 |
         Swamp |    966 |    966 |      0 |      0 |      0 |   4 |  241.5 |
   Spider Nest |   2558 |   2558 |      0 |      0 |      0 |   4 |  639.5 |
    Slime Pits |    760 |    760 |      0 |      3 |      0 |   5 |  152.0 |
  Orcish Mines |   2175 |   1844 |    331 |      0 |      0 |   2 | 1087.5 |
   Elven Halls |   1459 |   1459 |      0 |      0 |      0 |   3 |  486.3 |
        Vaults |   4396 |   4396 |      0 |      0 |      0 |   5 |  879.2 |
         Crypt |    860 |    860 |      0 |      0 |      0 |   3 |  286.7 |
          Tomb |   1503 |   1503 |      0 |      0 |      0 |   3 |  501.0 |
       Volcano |    404 |    404 |      0 |      0 |      0 |   1 |  404.0 |
      Gauntlet |    192 |    192 |      0 |      0 |      0 |   1 |  192.0 |
               +--------+--------+--------+--------+--------+-----+--------+
